 Dungeon Crawl Stone Soup version 0.30-a0-339-g89bb51ec76 (webtiles) character file.

Game seed: 16996002578329339381

399 bande the Covered (level 6, 0/39 HPs)
             Began as a Gargoyle Fighter on Nov 1, 2022.
             Was an Initiate of Okawaru.
             Slain by a wight
             ... wielding a +4 dagger
              (1 damage)
             ... on level 4 of the Dungeon.
             The game lasted 00:05:15 (3440 turns).

bande the Covered (Gargoyle Fighter)                Turns: 3440, Time: 00:05:16

Health: 0/39       AC: 12    Str: 20    XL:     6   Next: 84%
Magic:  6/6        EV:  9    Int:  8    God:    Okawaru [......]
Gold:   199        SH:  4    Dex: 11    Spells: 5/5 levels left

rFire   . . .      SeeInvis .    a - +1 war axe (flame)
rCold   . . .      Faith    .    c - +0 buckler
rNeg    + . .      Spirit   .    b - +0 scale mail
rPois   ∞          Reflect  .    (no helmet)
rElec   +          Harm     .    l - +0 cloak
rCorr   .          Rampage  .    (no gloves)
Will    .....                    (no boots)
Stlth   ..........               (no amulet)
HPRegen 0.26/turn                (no ring)
MPRegen 0.10/turn                (no ring)

@: no status effects
A: sickness immunity, AC +4, negative energy resistance 1, electricity
resistance, torment resistance 1, petrification resistance
a: Renounce Religion


You were on level 4 of the Dungeon.
You worshipped Okawaru.
Okawaru was noncommittal.
You visited 2 branches of the dungeon, and saw 5 of its levels.

You collected 199 gold pieces.

Inventory:

Hand Weapons
 a - a +1 war axe of flaming (weapon)
Armour
 b - a +0 scale mail (worn)
 c - a +0 buckler (worn)
 l - a +0 cloak (worn)
Scrolls
 g - 5 scrolls of identify
Potions
 d - 2 potions of might
 e - a potion of berserk rage
 f - a potion of ambrosia {unknown}
 j - a potion of curing


   Skills:
 + Level 4.4 Fighting
 + Level 4.6 Axes
 + Level 4.7 Armour
 - Level 0.1 Stealth
 + Level 4.1 Shields
 * Level 0.4 Invocations


You had 5 spell levels left.
You didn't know any spells.
Your spell library contained the following spells:

 Spells                   Type           Power      Damage    Failure   Level
 Sting                    Tmut/Pois      0%         1d3       83%         1
 Poisonous Vapours        Pois/Air       0%         N/A       93%         2
 Dazzling Flash           Conj/Hex       0%         N/A       99%         3
 Iskenderun's Mystic Bla  Conj/Tloc      0%         2d3       100%        4
 Olgreb's Toxic Radiance  Pois           0%         N/A       100%        4
 Starburst                Conj/Fire      0%         6d3       100%        6


Dungeon Overview and Level Annotations

Branches:
Dungeon (4/15)             Temple (1/1) D:4

Altars:
Fedhas
Hepliaklqana
Okawaru
Uskayaw
Vehumet
Wu Jian


Innate Abilities, Weirdness & Mutations

You are immune to sickness and miasma.
Your stone body is resilient. (AC +4)
You are immune to poison.
You resist negative energy. (rN+)
You are resistant to electric shocks. (rElec)
You are resistant to unholy torment.
You are immune to petrification.


Message History

2 wights come into view.
The wight hits you with a +4 dagger.
You hit the wight. You burn the wight.
The wight is moderately damaged.
You block the wight's attack.
You barely miss the wight.
The wight is moderately damaged.
You barely miss the wight. You block the wight's attack.
The wight hits you with a +4 dagger.
You hit the wight. You burn the wight.
The wight is almost destroyed.
You hit the wight but do no damage.
The wight hits you with a +3 mace of freezing.
The wight freezes you.
The wight hits you from afar with a +0 spear.
Unknown command.
Found a pair of gloves.
The wight hits you with a +3 mace of freezing!
The wight freezes you.
* * * LOW HITPOINT WARNING * * *
The goblin barely misses you. The wight hits you but does no damage.
The wight hits you with a +0 spear.
* * * LOW HITPOINT WARNING * * *
You block the wight's attack.
You barely miss the goblin. You barely miss the wight. You hit the wight.
You burn the wight. You barely miss the wight. You closely miss the wight.
The wight misses you. The goblin misses you.
The wight hits you but does no damage. You block the wight's attack.
The wight closely misses you. x2
The wight hits you with a +3 mace of freezing.
* * * LOW HITPOINT WARNING * * *
The wight freezes you.
* * * LOW HITPOINT WARNING * * *
The wight closely misses you. The wight completely misses you.
The goblin hits you but does no damage.
You completely miss the goblin. You hit the wight. You burn the wight.
You hit the wight. You burn the wight. You closely miss the wight. x2
The wight barely misses you. The goblin barely misses you.
The wight hits you with a +4 dagger.
You die...

#...........#
#.#..#.###########
#.#..#.# #.#..#.#
#[#..#.#
#.#..#.######
##.###.#.........#
......z##.#.####.#
#...zg@.....#
......zzz.#..#
###########..#
#..# ...# ###.#
#.# #.# ..


You could see 5 wights and a goblin.

Vanquished Creatures
  A necrophage (D:4)
  A hound (D:3)
  3 orc priests
  A jelly (D:4)
  2 orc wizards (D:3)
  6 adders
  5 dart slugs
  8 orcs
  4 ball pythons (D:1)
  8 endoplasms
  3 giant cockroaches
  5 goblins
  10 hobgoblins
  2 quokkas (D:4)
  6 bats
  2 frilled lizards
  8 kobolds
  5 rats
80 creatures vanquished.

Vanquished Creatures (others)
  23 plants (D:2)
23 creatures vanquished.

Grand Total: 103 creatures vanquished

Notes
Turn   | Place    | Note
-------+----------+-------------------------------------------
     0 | D:1      | bande the Gargoyle Fighter began the quest for the Orb.
     0 | D:1      | Reached XP level 1. HP: 14/14 MP: 1/1
    99 | D:1      | Reached XP level 2. HP: 9/19 MP: 2/2
   313 | D:1      | Reached XP level 3. HP: 23/23 MP: 3/3
   998 | D:2      | Reached XP level 4. HP: 20/28 MP: 4/4
  2120 | D:3      | Reached XP level 5. HP: 33/33 MP: 5/5
  2171 | D:3      | Found a hazy altar of Hepliaklqana.
  2171 | D:3      | Found a blossoming altar of Fedhas.
  2530 | D:3      | Reached XP level 6. HP: 11/38 MP: 6/6
  3219 | D:4      | Found a staircase to the Ecumenical Temple.
  3229 | Temple   | Entered the Ecumenical Temple
  3314 | Temple   | Became a worshipper of Warmaster Okawaru
  3439 | D:4      | HP: 1/39 [wight/+3 mace of freezing (1)]
  3440 | D:4      | Slain by a wight

Illustrated notes

Levels and vault maps discovered:
D:1:      sevenhm_arrival_forest_fort_small_5, layout_basic
D:2:      layout_basic, serial_forest, infiniplex_forest_end_2,
          infiniplex_forest_clump_C, infiniplex_forest_clump_small,
          infiniplex_forest_clump_double, infiniplex_forest_join,
          infiniplex_forest_end_3, infiniplex_forest_lined_2,
          infiniplex_forest_clump_curved
D:3:      layout_basic, amethyst_overflow_temple_binary
D:4:      layout_basic, nicolae_ru_sacrificial_ziggurat,
          minmay_temple_entry_glassed_door
Temple:   minmay_temple_curvy_branch

Skill      XL: |  1  2  3  4  5 |
---------------+----------------+-----
Axes           | 2 3 4 |  4.6
Armour         | 4 |  4.7
Fighting       | 4 |  4.4
Shields        | 4 |  4.1
Stealth        | |  0.1
Invocations    | |  0.4

Action                   |  1- 3 |  4- 6 || total
-------------------------+-------+-------++-------
Melee: War axe           |    97 |   173 ||   270
  Use: Scroll            |       |     9 ||     9
Armor: Scale mail        |    70 |   105 ||   175
Dodge: Dodged            |    64 |    67 ||   131
Block: Buckler           |    21 |    34 ||    55

Table legend: (Time is in decaauts)
 A = Elapsed time spent in this place.
 B = Non-inter-level travel time spent in this place.
 C = Inter-level travel time spent in this place.
 D = Time resting spent in this place.
 E = Time spent auto-exploring this place.
 F = Levels seen in this place.
 G = Mean time per level.
                   A        B        C        D        E       F      G
               +--------+--------+--------+--------+--------+-----+--------+
         Total |   3552 |   3531 |     21 |    603 |   2179 |   5 |  710.4 |
       Dungeon |   3431 |   3410 |     21 |    603 |   2099 |   4 |  857.8 |
        Temple |    120 |    120 |      0 |      0 |     80 |   1 |  120.0 |
               +--------+--------+--------+--------+--------+-----+--------+

Top non-repeatable levels by time:
     D:3: 1106 daAuts
     D:2: 1102 daAuts
     D:1: 808 daAuts
     D:4: 413 daAuts
  Temple: 120 daAuts
